 Dungeon Crawl Stone Soup version 0.28-a0-704-g4d584c6bc1 (webtiles) character file.

Game seed: 443555734446503256

325 Conn the Firebug (level 6, -3/36 HPs)
             Began as an Octopode Fire Elementalist on Oct 24, 2021.
             Shot with an arrow by a centaur (14 damage)
             ... on level 5 of the Dungeon.
             The game lasted 00:07:43 (4398 turns).

Conn the Firebug (Octopode Fire Elementalist)       Turns: 4398, Time: 00:07:43

Health: -3/36      AC:  1    Str: 20    XL:     6   Next: 48%
Magic:  11/11      EV: 17    Int: 19    God:
Gold:   253        SH:  0    Dex: 12    Spells: 1/12 levels left

rFire   + . .      SeeInvis .   q - +3 dagger
rCold   x . .      Faith    .   (no shield)
rNeg    . . .      Spirit   .   (helmet restricted)
rPois   .          Reflect  .   (no amulet)
rElec   .          Harm     .   j - +6 ring of strength
rCorr   .          Rampage  .   p - +4 ring of evasion
Will    .....                   u - +6 ring of strength
Stlth   ++++......              r - ring of fire
HPRegen 0.12/turn               (no ring)
MPRegen 0.12/turn               (no ring)
                                (no ring)
                                (no ring)

@: no status effects
A: almost no armour, amphibious, 8 rings, camouflage 1, gelatinous body 1,
(nimble swimmer 1), tentacles
a: no special abilities


You were on level 5 of the Dungeon.
You visited 1 branch of the dungeon, and saw 5 of its levels.

You collected 253 gold pieces.

Inventory:

Hand Weapons
 b - a +0 short sword
 q - a +3 dagger (weapon)
Missiles
 g - 12 poisoned darts
Jewellery
 j - a +6 ring of strength (left tentacle)
 p - a +4 ring of evasion (right tentacle)
 r - a ring of fire (on tentacle)
 u - a +6 ring of strength (on tentacle)
Wands
 l - a wand of paralysis (5)
Scrolls
 c - 2 scrolls of summoning {unknown}
 d - 3 scrolls of identify {unknown}
 f - a scroll of magic mapping {unknown}
 m - 3 scrolls of fear {unknown}
 n - 3 scrolls of teleportation {unknown}
 o - a scroll of fog {unknown}
 s - a scroll of amnesia {unknown}
 t - a scroll of enchant armour {unknown}
Potions
 a - 3 potions of curing
 e - 3 potions of mutation {unknown}
 h - a potion of might {unknown}
 i - a potion of heal wounds {unknown}
 k - a potion of brilliance {unknown}


   Skills:
 + Level 0.2 Fighting
 + Level 0.7 Short Blades
 + Level 2.2 Dodging
 + Level 4.5 Stealth
 + Level 3.7 Spellcasting
 + Level 2.1 Conjurations
 + Level 4.8 Fire Magic


You had one spell level left.
You knew the following spells:

 Your Spells              Type           Power      Damage    Failure   Level
a - Foxfire               Conj/Fire      100%       2x1d9     3%          1
b - Conjure Flame         Conj/Fire      25%        6-21      11%         3
c - Inner Flame           Hex/Fire       19%        N/A       16%         3
d - Flame Wave            Conj/Fire      25%        3d6       34%         4

Your spell library contained the following spells:

 Spells                   Type           Power      Damage    Failure   Level
 Scorch                   Fire           64%        2d8       3%          2
 Blade Hands              Tmut           1%         N/A       98%         5
 Iron Shot                Conj/Erth      3%         9d2       100%        6
 Animate Armour           Summ/Erth      Unusable   N/A       N/A         4

Dungeon Overview and Level Annotations

Branches:
Dungeon (5/15)
 Temple: D:4-7

Altars:
Cheibriados
Qazlal


Innate Abilities, Weirdness & Mutations

You cannot wear most types of armour.
You are amphibious.
You can wear up to eight rings at the same time.
Your skin changes colour to match your surroundings (Stealth+).
Your rubbery body absorbs attacks. (AC +1, EV +1)
((You are camouflaged near water. (Stealth+)))
You have tentacles for arms and can constrict up to eight enemies at once.


Message History

You hit the hobgoblin.
The hobgoblin is almost dead.
You constrict the hobgoblin.
You kill the hobgoblin!
You see here a hobgoblin corpse.
An ogre comes into view. It is wielding a +0 giant club.
The helpless ogre fails to defend itself.
You puncture the ogre! You squeeze the ogre.
The ogre is heavily wounded.
The ogre hits you with a +0 giant club!
Unknown command.
You see here a hobgoblin corpse.
The ogre closely misses you.
Casting: Foxfire (safe; 3% risk of failure)
Confirm with . or Enter, or press ? or * to list all spells.
Okay, then.
The ogre barely misses you.
There is a stone staircase leading down here.
You climb downwards.
Found six items.
Found a stone staircase leading up.
There is a stone staircase leading up here.
s - a scroll labelled KITESA HENG
t - a scroll labelled MALALO TONTE
u - a +6 ring of strength There's nothing to open nearby.
Unknown command.
You feel stronger.
u - a +6 ring of strength (on tentacle)
You feel more attuned to fire.
r - a ring of fire (on tentacle)
Found a club.
A centaur comes into view.
The centaur shouts!
The centaur wields a +0 shortbow.
The centaur shoots an arrow.
The arrow hits you!
You see here a scroll labelled YMAORU MAULYL.
The centaur shoots an arrow.
The arrow barely misses you.
The centaur shoots an arrow.
The arrow hits you!
The centaur shoots an arrow.
The arrow hits you!
You die...

#.#########
#<...(....#
##........#
###........#
............#
####....<...#
#.....?..#
#........#
#.!.@....#
#........#
#..c.#####
##.)## #..
#.. #.. ##.


You could see a centaur.

Vanquished Creatures
  A phantom (D:4)
  A hound (D:4)
  An iguana (D:4)
  Jessica (D:2)
  An orc wizard (D:3)
  5 adders
  2 worms (D:2)
  4 dart slugs
  7 orcs
  5 ball pythons
  4 endoplasms
  13 giant cockroaches (D:3)
  7 goblins
  9 hobgoblins
  A kobold (D:1)
  3 quokkas
  2 bats
  2 frilled lizards
  6 rats
75 creatures vanquished.

Vanquished Creatures (collateral kills)
  2 foxfires (D:1)
2 creatures vanquished.

Vanquished Creatures (others)
  224 foxfires
  A plant (D:4)
225 creatures vanquished.

Grand Total: 302 creatures vanquished

Notes
Turn   | Place    | Note
-------+----------+-------------------------------------------
     0 | D:1      | Conn the Octopode Fire Elementalist began the quest for the
                  | Orb.
     0 | D:1      | Reached XP level 1. HP: 11/11 MP: 3/3
   189 | D:1      | Reached XP level 2. HP: 11/17 MP: 3/5
   599 | D:1      | Found a faded altar of an unknown god.
   955 | D:1      | Reached XP level 3. HP: 21/21 MP: 6/6
  1633 | D:2      | Noticed Jessica
  1646 | D:2      | Killed Jessica
  1647 | D:2      | Reached XP level 4. HP: 27/27 MP: 0/8
  2329 | D:3      | Reached XP level 5. HP: 17/31 MP: 3/9
  2707 | D:3      | Found a snail-covered altar of Cheibriados.
  3262 | D:3      | Found a stormy altar of Qazlal.
  3688 | D:4      | Noticed a phantom
  3693 | D:4      | Killed a phantom
  3694 | D:4      | Reached XP level 6. HP: 36/36 MP: 5/11
  4098 | D:3      | Learned a level 3 spell: Conjure Flame
  4102 | D:3      | Learned a level 3 spell: Inner Flame
  4107 | D:3      | Learned a level 4 spell: Flame Wave
  4380 | D:5      | Entered Level 5 of the Dungeon
  4398 | D:5      | Shot with an arrow by a centaur

Illustrated notes

Levels and vault maps discovered:
D:1:      onia_arrival_mini_spirals, layout_loops_corners, serial_forest,
          infiniplex_forest_clump_curved, infiniplex_forest_clump_small,
          infiniplex_forest_lined_2, infiniplex_forest_clump_small,
          infiniplex_forest_straight_4, infiniplex_forest_lined_4_way,
          infiniplex_forest_straight_4, infiniplex_forest_end_2,
          infiniplex_forest_lined_room_2, infiniplex_forest_straight_2,
          basic_ecumenical_altar
D:2:      layout_rooms, serial_corexii_hall, corexii_hall_statues_i,
          corexii_hall_statues_deadend, uniq_jessica
D:3:      minmay_roachtagon, layout_basic, mainiacjoe_overflow_24_doors,
          mainiacjoe_overflow_six_doors_small
D:4:      layout_loops_ring, hangedman_glass_garden
D:5:      layout_rooms, mainiacjoe_overflow_divided_tiny

Skill      XL: |  1  2  3  4  5 |
---------------+----------------+-----
Stealth        | 3 4 |  4.5
Fire Magic     | 4 |  4.8
Spellcasting   | 3 |  3.7
Conjurations   | 2 |  2.1
Fighting       | |  0.2
Short Blades   | |  0.7
Dodging        | |  2.2

Action                   |  1- 3 |  4- 6 || total
-------------------------+-------+-------++-------
Melee: Constrict         |     7 |    14 ||    21
       Tentacles         |     4 |     7 ||    11
       Unarmed           |     1 |       ||     1
       Short sword       |    19 |    40 ||    59
       Dagger            |       |    14 ||    14
 Cast: Foxfire           |    46 |    86 ||   132
       Inner Flame       |       |     1 ||     1
  Use: Potion            |       |     1 ||     1
 Stab: Sleeping          |     5 |     8 ||    13
Armor: Skin              |     1 |     4 ||     5
Dodge: Dodged            |    11 |    49 ||    60

Table legend: (Time is in decaauts)
 A = Elapsed time spent in this place.
 B = Non-inter-level travel time spent in this place.
 C = Inter-level travel time spent in this place.
 D = Time resting spent in this place.
 E = Time spent auto-exploring this place.
 F = Levels seen in this place.
 G = Mean time per level.
                   A        B        C        D        E       F      G
               +--------+--------+--------+--------+--------+-----+--------+
         Total |   4401 |   4345 |     56 |    100 |   3235 |   5 |  880.2 |
       Dungeon |   4401 |   4345 |     56 |    100 |   3235 |   5 |  880.2 |
               +--------+--------+--------+--------+--------+-----+--------+

Top non-repeatable levels by time:
     D:3: 1695 daAuts
     D:1: 1439 daAuts
     D:2: 634 daAuts
     D:4: 614 daAuts
     D:5: 16 daAuts
